 Dungeon Crawl Stone Soup version 0.22-a0-379-ga9d99d6 (webtiles) character file.

371 Kairos the Chopper (level 6, -16/33 HPs)
             Began as a Vine Stalker Fighter on Apr 28, 2018.
             Demolished by an ogre
             ... wielding a cursed +0 giant club
              (31 damage)
             ... on level 4 of the Dungeon.
             The game lasted 00:04:02 (2964 turns).

Kairos the Chopper (Vine Stalker Fighter)           Turns: 2964, Time: 00:04:03

Health: -16/33     AC:  9    Str: 21    XL:     6   Next: 70%
Magic:  0/7        EV:  8    Int:  8    God:
Gold:   278        SH: 10    Dex: 16    Spells: 5/5 levels left

rFire    . . .     SeeInvis .   a - +0 war axe
rCold    . . .     Gourm    .   c - +0 shield
rNeg     . . .     Faith    .   b - +0 scale mail
rPois    .         Spirit   +   n - +0 helmet
rElec    .         Reflect  .   (no cloak)
rCorr    .         Harm     +   r - +0 pair of gloves
MR       .....                  (no boots)
Stlth    ..........             d - amulet of harm
HPRegen  0.51/turn              h - +3 ring of dexterity
MPRegen  0.10/turn              (no ring)

@: no status effects
A: fangs 2, regeneration 1, magic shield, antimagic bite, no potion heal 3, rot
immunity
a: no special abilities


You were on level 4 of the Dungeon.
You were hungry.

You visited 1 branch of the dungeon, and saw 4 of its levels.

You collected 278 gold pieces.

Inventory:

Hand Weapons
 a - a +0 war axe (weapon)
 s - a +0 flail of protection
Missiles
 u - 5 tomahawks (quivered)
Armour
 b - a +0 scale mail (worn)
 c - a +0 shield (worn)
 n - a +0 helmet (worn)
 r - a +0 pair of gloves (worn)
Jewellery
 d - an amulet of harm (around neck)
 h - a +3 ring of dexterity (left hand)
Wands
 o - a wand of random effects (11)
Scrolls
 e - 2 scrolls of identify {unknown}
 i - 3 scrolls of magic mapping {unknown}
 k - a scroll of teleportation {unknown}
 m - a scroll of random uselessness {unknown}
 p - 2 scrolls of remove curse {unknown}
 q - 2 scrolls of amnesia {unknown}
 t - a scroll of enchant weapon {unknown}
 v - a scroll of enchant armour {unknown}
 w - a scroll of blinking {unknown}
Potions
 g - 2 potions of heal wounds {unknown}
 j - 3 potions of flight {unknown}
 l - a potion of curing {unknown}
 x - a potion of lignification {unknown}
Comestibles
 f - 7 rations


   Skills:
 + Level 3.6 Fighting
 + Level 4.1 Axes
 + Level 3.2 Armour
 + Level 1.1 Dodging
 + Level 0.3 Stealth
 + Level 3.7 Shields


You had 5 spell levels left.
You didn't know any spells.

Dungeon Overview and Level Annotations

Branches:
Dungeon (4/15)
 Temple: D:4-7

Altars:


Innate Abilities, Weirdness & Mutations

You have extremely sharp teeth.
Your natural rate of healing is unusually fast.
When hurt, damage is shared between your health and your magic reserves.
Your bite disrupts and absorbs the magic of your enemies.
Potions cannot restore your health.
You are immune to rotting.


Message History

You completely miss the ogre. You bite the ogre. You drain its power.
The ogre is heavily wounded.
You barely miss the scorpion. You block the scorpion's attack.
The ogre barely misses you. You block the scorpion's attack.
Unknown command.
You hit the ogre.
The ogre is severely wounded.
You hit the scorpion. The ogre hits you with a giant club!!
Ouch! That really hurt!
You block the scorpion's attack.
Unknown command.
You are too injured to fight recklessly!
You are too injured to fight recklessly!
Unknown command.
You slash the ogre! Your bite misses the ogre.
The ogre is almost dead.
You barely miss the scorpion. You block the scorpion's attack.
The ogre hits you with a giant club!!
Ouch! That really hurt!
You die...

.## #..#....[[....## ..#
#............## ..
#...........# # #.
###..........#
..###.###.........####
..........###..........
........#####..........
....................>...
.....##@................
...? #†sO...............
.## #..................
..................
........... .....[......
.##.......... ..
#........#.


You could see an ogre and a scorpion.

Vanquished Creatures
  A bullfrog skeleton (D:4)
  A hound (D:4)
  4 orc priests (D:3)
  An orc wizard (D:3)
  Natasha (D:2)
  5 adders
  A dart slug (D:2)
  2 leopard geckos (D:1)
  16 orcs
  6 bats
  2 giant cockroaches
  10 goblins
  11 hobgoblins
  A ball python (D:4)
  7 frilled lizards
  8 kobolds
  8 rats
85 creatures vanquished.

Notes
Turn   | Place    | Note
-------+----------+-------------------------------------------
     0 | D:1      | Kairos the Vine Stalker Fighter began the quest for the Orb.
     0 | D:1      | Reached XP level 1. HP: 11/11 MP: 2/2
   357 | D:1      | Reached XP level 2. HP: 16/16 MP: 3/3
   565 | D:1      | Reached skill level 2 in Axes
   581 | D:1      | Reached XP level 3. HP: 20/20 MP: 4/4
  1239 | D:2      | Noticed Natasha
  1257 | D:2      | Killed Natasha
  1257 | D:2      | Gained mutation: Your natural rate of healing is unusually fast. [Vine Stalker growth]
  1257 | D:2      | Reached XP level 4. HP: 5/24 MP: 3/5
  2044 | D:3      | Reached skill level 1 in Dodging
  2044 | D:3      | Reached XP level 5. HP: 18/28 MP: 2/6
  2123 | D:3      | Reached skill level 3 in Axes
  2294 | D:3      | Reached XP level 6. HP: 32/32 MP: 7/7
  2914 | D:4      | Reached skill level 4 in Axes
  2964 | D:4      | Demolished by an ogre

Vault maps used:
D:1:      lemuel_arrival_river_ford, amethyst_killhole
D:2:      uniq_natasha
D:3:      first_ration
D:4:      lemuel_old_faithful

Skill      XL: |  1  2  3  4  5  6 |
---------------+-------------------+-----
Fighting       | 3 |  3.6
Shields        | 3 |  3.7
Axes           | 2 3 4 |  4.1
Dodging        | 1 |  1.1
Armour         | 3 |  3.2
Stealth        | |  0.3

Action                   |  1- 3 |  4- 6 || total
-------------------------+-------+-------++-------
Melee: War axe           |    89 |   114 ||   203
       Bite              |    22 |    26 ||    48
  Use: Potion            |     1 |       ||     1
  Eat: Chunk             |     1 |     5 ||     6
Armor: Scale mail        |    31 |    64 ||    95
Dodge: Dodged            |    28 |    42 ||    70
Block: Shield            |    49 |    74 ||   123

Table legend:
 A = Spawn XP
 B = Non-spawn XP
 C = Spawn XP percentage of total XP
 D = Spawn monster count
 E = Non-spawn monster count
 F = Spawn count percentage of total count
 G = Total turns spent on level
                    A         B        C        D         E        F      G
               +---------+---------+-------+---------+---------+-------+---------
         Total |       0 |     530 |   0.0 |       0 |      85 |   0.0 |  2964
               +---------+---------+-------+---------+---------+-------+---------
           D:1 |       0 |      44 |   0.0 |       0 |      27 |   0.0 |  1060
           D:2 |       0 |     102 |   0.0 |       0 |      20 |   0.0 |  1002
           D:3 |       0 |     286 |   0.0 |       0 |      34 |   0.0 |   811
           D:4 |       0 |      98 |   0.0 |       0 |       4 |   0.0 |    91
               +---------+---------+-------+---------+---------+-------+---------
